 Dungeon Crawl Stone Soup version 0.23.1-37-gaa34b87 (webtiles) character file.

Game seed: 17333178132027510380

60 Borgoz the Skirmisher (level 4, -3/40 HPs)
             Began as a Ghoul Monk on Mar 22, 2019.
             Slain by Natasha (6 damage)
             ... on level 2 of the Dungeon.
             The game lasted 00:03:16 (1327 turns).

Borgoz the Skirmisher (Ghoul Monk)                  Turns: 1327, Time: 00:03:17

Health: -3/40      AC:  5    Str: 14    XL:     4   Next: 6%
Magic:  3/3        EV: 11    Int:  6    God:
Gold:   147        SH:  0    Dex: 11    Spells: 3/3 levels left

rFire    . . .     SeeInvis .   a - -3 whip (curse)
rCold    + . .     Gourm    .   (no shield)
rNeg     + + +     Faith    .   f - +0 ring mail
rPois    ∞         Spirit   .   (no helmet)
rElec    .         Reflect  .   (no cloak)
rCorr    .         Harm     .   (no gloves)
MR       .....     Rnd*Tele +   (no boots)
Stlth    +.........             (no amulet)
HPRegen  0.00/turn              d - ring of teleportation (curse)
MPRegen  0.08/turn              (no ring)

@: rotting
A: rotting body, claws 1, carnivore, cold resistance 1, negative energy
resistance 3, inhibited regeneration, torment resistance, unbreathing
a: no special abilities


You were on level 2 of the Dungeon.
You were not hungry.

You visited 1 branch of the dungeon, and saw 2 of its levels.

You collected 147 gold pieces.

Inventory:

Hand Weapons
 a - a cursed -3 whip (weapon)
 g - a +0 dagger
Armour
 e - a cursed +0 pair of gloves
 f - a +0 ring mail (worn)
Jewellery
 d - a cursed ring of teleportation (left claw)
Scrolls
 h - 2 scrolls of identify
Comestibles
 b - 4 rations


   Skills:
 + Level 3.7 Fighting
 * Level 0.1 Short Blades
 * Level 1.6 Armour
 * Level 3.3 Dodging
 + Level 2.7 Stealth
 - Level 3.2 Unarmed Combat


You had 3 spell levels left.
You didn't know any spells.
Your spell library was empty.

Dungeon Overview and Level Annotations

Branches:
Dungeon (2/15)

Altars:

Annotations:
D:2 Natasha


Innate Abilities, Weirdness & Mutations

Your body is rotting away.
You thrive on raw meat.
You are immune to poison.
You have sharp fingernails.
You are carnivorous and can eat meat at any time.
Your flesh is cold resistant. (rC+)
You are immune to negative energy. (rN+++)
You do not regenerate when monsters are visible.
You are immune to unholy pain and torment.
You can survive without breathing.


Message History

You barely miss Natasha.
Natasha is heavily wounded.
The crimson imp hits you but does no damage.
Natasha claws you but does no damage.
You barely miss Natasha.
Natasha is heavily wounded.
The crimson imp blinks!
Natasha completely misses you.
You hit Natasha but do no damage.
Natasha is heavily wounded.
Natasha claws you.
* * * LOW HITPOINT WARNING * * *
You barely miss Natasha.
Natasha is heavily wounded.
The shadow imp disappears in a puff of smoke!
Natasha completely misses you.
You miss Natasha.
Natasha is heavily wounded.
The shadow imp shouts, "Embrace thy fall, thou mammering toot-wallowing trash-dump!"
Natasha claws you.
You die...

#.##.# #.# ..##.# #.##
#.##.# ##..### #...#
#.##.###.....## #....#
#5##.##.⌠...⌠.## .
#..#..####.##.#.........##.
#..##..#.......⌠...>...⌠.#.
..###..###...)#.....!...##.
.l###..###@#..##.⌠...⌠.....
##..#.#h#..###.......#..
#..g..5...# ##.####<..#
##...##..## #.# ##.##
##..##..# #.# #.#
#.###..#####.# #.# #.#
#......... ..#
#.###...####.# ####
#............#


You could see Natasha, a crimson imp and a shadow imp.

Vanquished Creatures
  Natasha (D:2)
  A dart slug (D:2)
  3 giant cockroaches (D:1)
  3 goblins
  5 hobgoblins
  4 jackals (D:1)
  A ball python (D:1)
  3 bats
  3 frilled lizards
  7 kobolds
  4 rats
35 creatures vanquished.

Notes
Turn   | Place    | Note
-------+----------+-------------------------------------------
     0 | D:1      | Borgoz the Ghoul Monk began the quest for the Orb.
     0 | D:1      | Reached XP level 1. HP: 19/19 MP: 0/0
   179 | D:1      | Reached XP level 2. HP: 13/26 MP: 1/1
   263 | D:2      | Noticed Natasha
   270 | D:2      | Killed Natasha
   270 | D:2      | Reached skill level 1 in Armour
   270 | D:2      | Reached XP level 3. HP: 5/31 MP: 2/2
  1135 | D:1      | Reached XP level 4. HP: 28/40 MP: 3/3
  1305 | D:2      | Noticed Natasha
  1327 | D:2      | Slain by Natasha

Skill      XL: |  1  2 |
---------------+-------+-----
Armour         | 1 |  1.6
Dodging        | 3 |  3.3
Fighting       | |  3.7
Short Blades   | |  0.1
Stealth        | |  2.7
Unarmed Combat | |  3.2

Action                   |  1- 3 |  4- 6 || total
-------------------------+-------+-------++-------
Melee: Whip              |   233 |    39 ||   272
       Unarmed           |    17 |       ||    17
       Punch             |     3 |     1 ||     4
  Use: Potion            |     2 |       ||     2
       Scroll            |       |     1 ||     1
 Stab: Sleeping          |     2 |       ||     2
  Eat: Chunk             |    13 |    10 ||    23
Armor: Ring mail         |   102 |     9 ||   111
       Robe              |     2 |       ||     2
Dodge: Dodged            |   169 |    20 ||   189
